 Dungeon Crawl Stone Soup version 0.29.1-2-gbd0b4ee654 (webtiles) character file.

Game seed: 4198577727864027439

23 zeram the Caller (level 2, -2/24 HPs)
             Began as a Troll Summoner on Nov 16, 2022.
             Frozen to death by an endoplasm (6 damage)
             ... on level 1 of the Dungeon.
             The game lasted 00:01:00 (624 turns).

zeram the Caller (Troll Summoner)                    Turns: 624, Time: 00:01:01

Health: -2/24      AC:  4    Str: 15    XL:     2   Next: 72%
Magic:  3/3        EV:  9    Int: 11    God:
Gold:   65         SH:  0    Dex: 10    Spells: 2/3 levels left

rFire   + . .      SeeInvis .   e - +0 club
rCold   x . .      Faith    .   (no shield)
rNeg    . . .      Spirit   .   a - +0 robe
rPois   .          Reflect  .   (helmet restricted)
rElec   .          Harm     .   (no cloak)
rCorr   .          Rampage  .   (gloves unavailable)
Will    .....                   (boots unavailable)
Stlth   +.........              (no amulet)
HPRegen 0.88/turn               c - ring of fire
MPRegen 0.08/turn               (no ring)

@: mighty
A: large, unfitting armour, claws 3, regeneration 1, shaggy fur 1, tough skin 1
a: no special abilities


You were on level 1 of the Dungeon.
You visited 1 branch of the dungeon, and saw 1 of its levels.

You collected 65 gold pieces.

Inventory:

Hand Weapons
 e - a +0 club (weapon)
 f - a +3 dagger
Armour
 a - a +0 robe (worn)
Jewellery
 c - a ring of fire (left claw)
Scrolls
 d - a scroll of vulnerability {unknown}
Potions
 b - a potion of magic
 g - a potion of resistance {unknown}
 h - a potion of curing {unknown}
 i - a potion of flight {unknown}
 j - a potion of lignification {unknown}
 k - a potion of might


   Skills:
 + Level 0.3 Maces & Flails
 + Level 1.7 Dodging
 - Level 1.0 Stealth
 + Level 1.4 Spellcasting
 + Level 3.3 Summonings


You had 2 spell levels left.
You knew the following spells:

 Your Spells              Type           Power      Damage    Failure   Level
a - Summon Small Mammal   Summ           32%        N/A       8%          1

Your spell library contained the following spells:

 Spells                   Type           Power      Damage    Failure   Level
 Call Imp                 Summ           8%         N/A       12%         2
 Magic Dart               Conj           0%         1d3       30%         1
 Call Canine Familiar     Summ           8%         N/A       24%         3
 Summon Guardian Golem    Hex/Summ       4%         N/A       43%         3
 Mephitic Cloud           Conj/Pois/Air  0%         N/A       67%         3
 Summon Lightning Spire   Summ/Air       4%         N/A       83%         4
 Hailstorm                Conj/Ice       0%         3d3       97%         4
 Ice Form                 Ice/Tmut       0%         N/A       97%         4
 Simulacrum               Ice/Necr       0%         N/A       100%        6


Dungeon Overview and Level Annotations

Branches:
Dungeon (1/15)

Altars:


Innate Abilities, Weirdness & Mutations

You are too large for most types of armour.
You have claws for hands.
Your natural rate of healing is unusually fast.
You are covered in fur. (AC +1)
You have tough skin. (AC +1)


Message History

You hit the jackal.
The jackal is moderately wounded.
The jackal bites you. The rat bites you. The jackal closely misses you.
You hit the jackal.
You kill the jackal!
The rat bites you.
You are too injured to fight recklessly!
You are too injured to fight recklessly!
You are too injured to fight recklessly!
You are too injured to fight recklessly!
You are too injured to fight recklessly!
You are too injured to fight recklessly!
You are too injured to fight recklessly!
You are too injured to fight recklessly!
You are too injured to fight recklessly!
You are too injured to fight recklessly!
You are too injured to fight recklessly!
You are too injured to fight recklessly!
You are too injured to fight recklessly!
You are too injured to fight recklessly!
You are too injured to fight recklessly!
You are too injured to fight recklessly!
You are too injured to fight recklessly!
You are too injured to fight recklessly!
You are too injured to fight recklessly!
You are too injured to fight recklessly!
Unknown command.
You hit the endoplasm but do no damage. The endoplasm freezes you.
You are frozen.
You feel a terrible chill! The rat bites you. The endoplasm freezes you.
You are frozen.
You feel a terrible chill!
* * * LOW HITPOINT WARNING * * *
The rat bites you.
* * * LOW HITPOINT WARNING * * *
It was a potion of might.
You feel very mighty all of a sudden. The endoplasm freezes you.
You are frozen.
You feel a terrible chill!
You die...

## # ..# ###### #.#
....#. .# #.# . ......
#.# ####.#######.# #....
#.#######.............
###.)..
###.#...........†r......
#......
................@J.>...#
#.#.... .##.#.#
#.#.##.######.## #.#.##.
..#)..###.#.##.# #.
#.#.### ##.#...#.#..##.#
#.##.#.###
#..###..###....#
#...).....
#....#.#.#.#.###
.####..†....
..#(..###.##.#
........###.
.†..##.##.##.# #####...#
#. ##..#..##.##.# #...#
#.


You could see an endoplasm and a rat.

Vanquished Creatures
  4 endoplasms (D:1)
  A giant cockroach (D:1)
  3 goblins (D:1)
  A hobgoblin (D:1)
  2 jackals (D:1)
  A quokka (D:1)
  3 ball pythons (D:1)
  A bat (D:1)
  2 frilled lizards (D:1)
  A rat (D:1)
19 creatures vanquished.

Notes
Turn   | Place    | Note
-------+----------+-------------------------------------------
     0 | D:1      | zeram the Troll Summoner began the quest for the Orb.
     0 | D:1      | Reached XP level 1. HP: 16/16 MP: 1/1
    13 | D:1      | Reached skill level 3 in Summonings
   214 | D:1      | Found a faded altar of an unknown god.
   267 | D:1      | Reached XP level 2. HP: 22/24 MP: 3/3
   624 | D:1      | Frozen to death by an endoplasm

Illustrated notes

Levels and vault maps discovered:
D:1:      mrwooster_arrival_statue, layout_loops_ring,
          dilly_ecumenical_altar_fadedgnrine, minmay_pentomino_z4

Skill      XL: |  1 |
---------------+----+-----
Summonings     | 3 |  3.3
Maces & Flails | |  0.3
Dodging        | |  1.7
Stealth        | |  1.0
Spellcasting   | |  1.4

Action                   || total
-------------------------++-------
Melee: Club              ||    75
       Unarmed           ||    14
       Punch             ||     1
  Use: Potion            ||     1
Armor: Robe              ||    42
Dodge: Dodged            ||    59
